 Dungeon Crawl Stone Soup version 0.29.0-4-gdea44cf6ec (webtiles) character file.

Game seed: 13342194578365216745

1176 qw the Cleaver (level 8, 0/48 HPs)
             Began as a Tengu Warper on Aug 29, 2022.
             Was an Initiate of Okawaru.
             Slain by a troll (10 damage)
             ... on level 7 of the Dungeon.
             The game lasted 00:02:26 (6983 turns).

qw the Cleaver (Tengu Warper)                       Turns: 6983, Time: 00:02:27

Health: 0/48       AC: 13    Str: 11 (12) XL:     8   Next: 41%
Magic:  13/13      EV:  5    Int: 14 (17) God:    Okawaru [......]
Gold:   440        SH:  9    Dex: 10 (14) Spells: 11/11 levels left

rFire   . . .      SeeInvis .   Y - +2 hand axe (drain)
rCold   . . .      Faith    .   n - +0 buckler
rNeg    + . .      Spirit   .   s - +0 chain mail
rPois   .          Reflect  +   (helmet restricted)
rElec   .          Harm     .   h - scarf {repulsion}
rCorr   .          Rampage  .   c - +2 pair of gloves
Will    .....                   (boots unavailable)
Stlth   ..........              m - amulet of reflection
HPRegen 0.16/turn               g - ring of positive energy
MPRegen 0.13/turn               (no ring)

@: flying quickly and evasively, repel missiles, quick
A: beak, talons 3, nimble flight, iridescent scales 1, clever 1, deterioration
1, high MP 1
a: Renounce Religion


You were on level 7 of the Dungeon.
You worshipped Okawaru.
Okawaru was noncommittal.
You visited 2 branches of the dungeon, and saw 8 of its levels.

You collected 440 gold pieces.


Innate Abilities, Weirdness & Mutations

You have a beak for a mouth.
You have claws for feet.
Your magical nature lets you fly swiftly and evasively.
You are partially covered in iridescent scales. (AC +2)
Your mind is acute. (Int +4, Str/Dex -1)
Your body sometimes deteriorates upon taking damage.
You have an increased reservoir of magic. (+10% MP)


   Skills:
 - Level 4.0 Fighting
 - Level 9.4 Axes
 - Level 2.1 Throwing
 + Level 2.2 Armour
 - Level 2.1 Dodging
 - Level 2.0 Shields
 - Level 2.0 Spellcasting
 - Level 2.4 Translocations


You had 11 spell levels left.
You didn't know any spells.
Your spell library contained the following spells:

 Spells                   Type           Power      Damage    Failure   Level
 Blink                    Tloc           16%        N/A       100%        2
 Gell's Gravitas          Tloc           8%         N/A       100%        3
 Lesser Beckoning         Tloc           8%         N/A       100%        3
 Teleport Other           Tloc           8%         N/A       100%        3
 Manifold Assault         Tloc           8%         N/A       100%        5

Inventory:

Hand Weapons
 o - a +0 flail
 Y - a +2 hand axe of draining (weapon)
Missiles
 p - 6 boomerangs
 r - 4 javelins (quivered)
Armour
 c - a +2 pair of gloves (worn)
 h - a scarf of repulsion (worn)
 n - a +0 buckler (worn)
 s - a +0 chain mail (worn)
Jewellery
 g - a ring of positive energy (left hand)
 m - an amulet of reflection (around neck)
Scrolls
 f - a scroll of identify
Potions
 b - a potion of haste
 i - a potion of lignification {unknown}
 k - a potion of curing {unknown}
 l - a potion of might {unknown}
 q - a potion of heal wounds

Dungeon Overview and Level Annotations

Branches:
Dungeon (7/15)             Temple (1/1) D:6

Altars:
Cheibriados
Dithmenos
Elyvilon
Fedhas
Gozag
Hepliaklqana
Kikubaaqudgha
Makhleb
Nemelex Xobeh
Okawaru
Qazlal
Ru
Sif Muna
Vehumet
Wu Jian
Yredelemnul
Zin
The Shining One


Message History

Existing waypoints: (1) D:6 (2) D:5 Assign waypoint to what number? (0-9, D - delete waypoint) Waypoint 1 re-assigned from D:6 to D:7.
Found a bone wand.
You now have 440 gold pieces (gained 14).
You see here a wand of mindburst (15).
Found a stone staircase leading down.
Enter note:
There is a stone staircase leading down here.
A troll comes into view.
Enter note: Throw: 5 javelins
Press: ? - help, Q - select action, (/) - cycle Shift-Dir - straight line, f - troll You throw a javelin.
The javelin pierces through the troll but does no damage.
You barely miss the troll. You peck the troll.
The troll is lightly wounded.
The troll barely misses you. x2; The troll claws you.
You completely miss the troll.
The troll is lightly wounded.
You block the troll's attack. x2; The troll claws you!
Your body deteriorates!
You feel clumsy.
You closely miss the troll. You peck the troll, but do no damage.
The troll is lightly wounded.
The troll bites you. The troll claws you!
The troll claws you but does no damage.
You hit the troll. You claw the troll.
The troll is moderately wounded.
The troll bites you. You block the troll's attack. The troll claws you.
You barely miss the troll. You claw the troll. Your peck misses the troll.
The troll is heavily wounded.
You hit the troll but do no damage. You drain the troll.
The troll is heavily wounded.
The troll bites you. You block the troll's attack. The troll claws you.
Your body deteriorates!
You feel clumsy.
You hit the troll but do no damage. You claw the troll.
The troll is severely wounded.
The troll bites you. The troll claws you!
You die...

#.# #.#
#.####.########
#....>........#
#####...#####.#
........#.......#
.######...#######
.....###...#
#####.#.##.# #T@#
.. ....(......###
#######.##.# #.#
# #.# #.# #.# #.#


You could see a troll (drained).

Vanquished Creatures
  A water moccasin (D:4)
  A black bear (D:4)
  A centaur (D:3)
  A necrophage (D:6)
  2 howler monkeys
  An orc priest (D:4)
  2 hounds
  3 jellies
  Ijyb (D:4)
  Natasha (thrice) (D:3)
  2 iguanas (D:5)
  7 orc wizards (D:6)
  A scorpion zombie (D:3)
  Robin (D:1)
  6 gnolls (D:5)
  3 adders
  An adder skeleton (D:3)
  2 adder zombies (D:3)
  3 worms
  2 dart slugs
  11 orcs
  6 endoplasms
  8 giant cockroaches
  10 goblins
  7 hobgoblins
  7 jackals
  5 quokkas
  10 ball pythons
  6 bats
  2 frilled lizards
  A jackal zombie (D:3)
  4 kobolds
  A quokka zombie (D:3)
  2 rats
124 creatures vanquished.

Vanquished Creatures (others)
  13 withered plants (D:3)
13 creatures vanquished.

Grand Total: 137 creatures vanquished

Notes
Turn   | Place    | Note
-------+----------+-------------------------------------------
     0 | D:1      | qw the Tengu Warper began the quest for the Orb.
     0 | D:1      | Reached XP level 1. HP: 12/12 MP: 4/4
     0 | D:1      | 0 ||| qw: Version: 0.1-a-89-g26bdef1
     0 | D:1      | 0 ||| qw: Game counter: 3563
     0 | D:1      | 0 ||| qw: Always use a shield: true
     0 | D:1      | 0 ||| qw: God list: Okawaru
     0 | D:1      | 0 ||| qw: Allow faded altars: false
     0 | D:1      | 0 ||| qw: Do Orc after D:15 true
     0 | D:1      | 0 ||| qw: Do second Lair branch before Depths: true
     0 | D:1      | 0 ||| qw: Lair rune preference: random
     0 | D:1      | 0 ||| qw: Plans: Normal
     0 | D:1      | 0 ||| PLANNING D:1-11
   144 | D:1      | Reached skill level 3 in Axes
   144 | D:1      | Reached XP level 2. HP: 8/17 MP: 6/6
   589 | D:1      | 589 ||| Stepping ~*~*~tactically~*~*~ (stealth).
   882 | D:1      | Found a faded altar of an unknown god.
  1207 | D:1      | 1207 ||| UPGRADING to amulet of guardian spirit.
  1212 | D:1      | 1212 ||| UPGRADING to ring of positive energy.
  1213 | D:1      | 1213 ||| READING scroll labelled FENESSUSS DIZE.
  1214 | D:1      | 1214 ||| READING scroll labelled VETOPRABLE.
  1215 | D:1      | 1215 ||| READING 2 scrolls labelled MUDDATIKLE.
  1216 | D:1      | 1216 ||| READING scroll labelled TOUWNACU DEXKO.
  1220 | D:1      | 1220 ||| READING 2 scrolls labelled RITIZOETOKK.
  1221 | D:1      | 1221 ||| READING scroll labelled NYFIME HOETARA.
  1222 | D:1      | 1222 ||| READING 2 scrolls labelled JUROEGR HUIRGHOSH.
  1223 | D:1      | 1223 ||| READING scroll of enchant weapon.
  1223 | D:1      | 1223 ||| ENCHANTING +1 hand axe.
  1224 | D:1      | 1224 ||| READING scroll labelled YCWUTA MIO.
  1225 | D:1      | 1225 ||| DROPPING scroll of blinking.
  1226 | D:1      | 1226 ||| DROPPING scroll of amnesia.
  1238 | D:2      | Noticed Robin
  1239 | D:2      | 1239 ||| STAIRDANCE
  1244 | D:1      | Reached XP level 3. HP: 18/21 MP: 7/7
  1289 | D:2      | 1289 ||| STAIRDANCE
  1291 | D:2      | 1291 ||| STAIRDANCE
  1319 | D:2      | 1319 ||| STAIRDANCE
  1325 | D:1      | Killed Robin
  1326 | D:1      | Reached skill level 4 in Axes
  1403 | D:2      | 1403 ||| STAIRDANCE
  1455 | D:2      | 1455 ||| STAIRDANCE
  1694 | D:2      | Reached XP level 4. HP: 26/26 MP: 8/8
  2097 | D:2      | 2097 ||| Stepping ~*~*~tactically~*~*~ (stealth).
  2105 | D:2      | 2105 ||| Stepping ~*~*~tactically~*~*~ (stealth).
  2106 | D:2      | 2106 ||| DROPPING +0 club.
  2108 | D:2      | 2108 ||| Stepping ~*~*~tactically~*~*~ (stealth).
  2747 | D:2      | 2747 ||| UPGRADING to +0 pair of gloves.
  2752 | D:2      | 2752 ||| DROPPING orb of light.
  2753 | D:2      | 2753 ||| UPGRADING to +0 scale mail.
  2763 | D:2      | 2763 ||| DROPPING +0 leather armour.
  2764 | D:2      | 2764 ||| READING scroll of enchant armour.
  2764 | D:2      | 2764 ||| ENCHANTING +0 pair of gloves.
  2765 | D:2      | 2765 ||| UPGRADING to amulet of reflection.
  2775 | D:2      | 2775 ||| DROPPING amulet of guardian spirit.
  2776 | D:2      | 2776 ||| DRINKING 3 murky puce potions.
  2777 | D:2      | 2777 ||| DROPPING 2 potions of attraction.
  2820 | D:3      | Reached skill level 5 in Axes
  2852 | D:3      | Found a sacrificial altar of Ru.
  3000 | D:3      | 3000 ||| Stepping ~*~*~tactically~*~*~ (stealth).
  3002 | D:3      | 3002 ||| Stepping ~*~*~tactically~*~*~ (stealth).
  3010 | D:3      | 3010 ||| Stepping ~*~*~tactically~*~*~ (stealth).
  3012 | D:3      | 3012 ||| Stepping ~*~*~tactically~*~*~ (stealth).
  3013 | D:3      | 3013 ||| Stepping ~*~*~tactically~*~*~ (stealth).
  3160 | D:3      | 3160 ||| Stepping ~*~*~tactically~*~*~ (stealth).
  3164 | D:3      | 3164 ||| Stepping ~*~*~tactically~*~*~ (stealth).
  3173 | D:3      | Noticed a centaur
  3182 | D:3      | Gained mutation: Your magical nature lets you fly swiftly
                  | and evasively. [Tengu growth]
  3182 | D:3      | Reached XP level 5. HP: 19/30 MP: 9/9
  3190 | D:3      | Killed a centaur
  3191 | D:3      | Reached skill level 6 in Axes
  3402 | D:3      | 3402 ||| READING scroll of enchant armour.
  3402 | D:3      | 3402 ||| ENCHANTING +1 pair of gloves.
  3519 | D:3      | Noticed Natasha
  3520 | D:3      | Found the +4 dagger "Morg" {pain, Will+ Int+5}
  3528 | D:3      | Killed Natasha
  3529 | D:3      | Reached XP level 6. HP: 30/35 MP: 10/10
  3573 | D:3      | Noticed Natasha
  3578 | D:3      | Killed Natasha
  3579 | D:3      | Reached skill level 7 in Axes
  3875 | D:3      | Noticed Natasha
  3877 | D:3      | 3877 ||| Stepping ~*~*~tactically~*~*~ (hiding).
  3878 | D:3      | 3878 ||| Stepping ~*~*~tactically~*~*~ (hiding).
  3883 | D:3      | Killed Natasha
  4193 | D:3      | 4193 ||| READING 2 scrolls labelled VININONEME.
  4194 | D:3      | 4194 ||| READING 2 scrolls labelled RANIGHIKOM.
  4195 | D:3      | 4195 ||| READING scroll of brand weapon.
  4195 | D:3      | 4195 ||| BRANDING +2 hand axe of venom.
  4196 | D:3      | 4196 ||| READING 3 scrolls labelled HEUBRI JULAEZOGRO.
  4197 | D:3      | 4197 ||| READING 2 scrolls labelled WEUFON XIVACZO.
  4315 | D:3      | 4315 ||| DROPPING scroll of fear.
  4316 | D:3      | 4316 ||| DROPPING 2 scrolls of magic mapping.
  4317 | D:3      | 4317 ||| DROPPING scroll of torment.
  4384 | D:4      | Found a radiant altar of Vehumet.
  4439 | D:4      | Noticed a black bear
  4447 | D:4      | HP: 6/36 [orc priest/nerve-wracking pain (6)]
  4451 | D:4      | Reached skill level 3 in Fighting
  4454 | D:4      | Killed a black bear
  4455 | D:4      | Reached XP level 7. HP: 7/41 MP: 11/11
  4758 | D:4      | Found a sparkling altar of Nemelex Xobeh.
  4812 | D:4      | 4812 ||| Stepping ~*~*~tactically~*~*~ (stealth).
  4818 | D:4      | 4818 ||| Stepping ~*~*~tactically~*~*~ (stealth).
  4828 | D:4      | Reached skill level 8 in Axes
  5036 | D:4      | Found a blossoming altar of Fedhas.
  5037 | D:4      | Found an opulent altar of Gozag.
  5050 | D:4      | Noticed Ijyb
  5059 | D:4      | Killed Ijyb
  5118 | D:4      | 5118 ||| UPGRADING to +0 buckler.
  5123 | D:4      | 5123 ||| DRINKING 3 clear potions.
  5124 | D:4      | 5124 ||| DRINKING 2 bubbling clear potions.
  5125 | D:4      | 5125 ||| DRINKING 2 fuming ruby potions.
  5126 | D:4      | 5126 ||| DROPPING 2 potions of degeneration.
  5127 | D:4      | 5127 ||| DROPPING potion of brilliance.
  5146 | D:5      | Entered Level 5 of the Dungeon
  5151 | D:5      | Reached skill level 1 in Shields
  5330 | D:5      | 5330 ||| DROPPING +2 whip of venom.
  5477 | D:5      | Reached XP level 8. HP: 46/46 MP: 12/12
  5579 | D:5      | Found a snail-covered altar of Cheibriados.
  5705 | D:5      | 5705 ||| UPGRADING to scarf of repulsion.
  5710 | D:5      | 5710 ||| DRINKING 3 smoky golden potions.
  5710 | D:5      | Gained mutation: Your muscles are strong. (Str +4, Int/Dex
                  | -1) [potion of mutation]
  5710 | D:5      | Gained mutation: Your muscles are very strong. (Str +8,
                  | Int/Dex -2) [potion of mutation]
  5710 | D:5      | Gained mutation: You are frail. (-10% HP) [potion of
                  | mutation]
  5711 | D:5      | 5711 ||| DRINKING 2 potions of mutation.
  5711 | D:5      | Lost mutation: Your muscles are very strong. (Str +8,
                  | Int/Dex -2) [potion of mutation]
  5711 | D:5      | Lost mutation: You are frail. (-10% HP) [potion of
                  | mutation]
  5711 | D:5      | Gained mutation: You are clumsy. (Dex -2) [potion of
                  | mutation]
  5711 | D:5      | Gained mutation: You occasionally lose the ability to read
                  | scrolls when taking damage. [potion of mutation]
  5711 | D:5      | Lost mutation: You are clumsy. (Dex -2) [potion of
                  | mutation]
  5743 | D:5      | 5743 ||| DRINKING potion of mutation.
  5743 | D:5      | Lost mutation: Your muscles are strong. (Str +4, Int/Dex
                  | -1) [potion of mutation]
  5743 | D:5      | Lost mutation: You occasionally lose the ability to read
                  | scrolls when taking damage. [potion of mutation]
  5743 | D:5      | Gained mutation: Your body sometimes deteriorates upon
                  | taking damage. [potion of mutation]
  5743 | D:5      | Gained mutation: You are partially covered in iridescent
                  | scales. (AC +2) [potion of mutation]
  5743 | D:5      | Gained mutation: You have an increased reservoir of magic.
                  | (+10% MP) [potion of mutation]
  5743 | D:5      | Gained mutation: Your mind is acute. (Int +4, Str/Dex -1)
                  | [potion of mutation]
  5750 | D:5      | 5750 ||| READING 2 scrolls of identify.
  5750 | D:5      | 5750 ||| IDENTIFYING metallic amethyst potion
  5751 | D:5      | 5751 ||| DROPPING potion of magic.
  5856 | D:6      | Reached skill level 9 in Axes
  5973 | D:6      | 5973 ||| FLEEEEING.
  6012 | D:6      | 6012 ||| Stepping ~*~*~tactically~*~*~ (stealth).
  6014 | D:6      | 6014 ||| Stepping ~*~*~tactically~*~*~ (stealth).
  6015 | D:6      | 6015 ||| Stepping ~*~*~tactically~*~*~ (stealth).
  6016 | D:6      | 6016 ||| Stepping ~*~*~tactically~*~*~ (stealth).
  6017 | D:6      | 6017 ||| Stepping ~*~*~tactically~*~*~ (stealth).
  6019 | D:6      | 6019 ||| Stepping ~*~*~tactically~*~*~ (hiding).
  6161 | D:6      | 6161 ||| Stepping ~*~*~tactically~*~*~ (hiding).
  6162 | D:6      | 6162 ||| Stepping ~*~*~tactically~*~*~ (hiding).
  6340 | D:6      | Found a shadowy altar of Dithmenos.
  6522 | D:6      | Found a staircase to the Ecumenical Temple.
  6523 | D:6      | 6523 ||| PLANNING TEMPLE
  6523 | D:6      | 6523 ||| UPGRADING to +0 chain mail.
  6533 | D:6      | 6533 ||| DROPPING +0 scale mail.
  6534 | D:6      | 6534 ||| READING scroll labelled NAOTAO QEFAB.
  6535 | D:6      | 6535 ||| DRINKING 2 brown potions.
  6536 | D:6      | 6536 ||| READING 2 scrolls of identify.
  6536 | D:6      | 6536 ||| IDENTIFYING viscous emerald potion
  6537 | D:6      | 6537 ||| DROPPING potion of flight.
  6544 | Temple   | Entered the Ecumenical Temple
  6642 | Temple   | Became a worshipper of Warmaster Okawaru
  6740 | Temple   | 6740 ||| PLANNING D:1-11
  6810 | D:6      | Found a shimmering blue altar of Sif Muna.
  6811 | D:6      | 6811 ||| READING 2 scrolls of teleportation.
  6862 | D:6      | 6862 ||| READING scroll of teleportation.
  6863 | D:6      | 6863 ||| STAIRDANCE
  6974 | D:7      | Noticed a troll
  6983 | D:7      | HP: 10/48 [troll (4)]
  6983 | D:7      | Slain by a troll

Levels and vault maps discovered:
D:1:      onia_arrival_pyramid, layout_basic, shapermc_ecumenical_altar_venn,
          patterned_corridor
D:2:      wad_river_or_something, layout_basic, grunt_ministairs_9, uniq_robin
D:3:      layout_loops_ring, lemuel_crystal_altar, st_stairs_6,
          dilly_guarded_unrand_morg
D:4:      layout_basic, vehumet_crystals, nemelex_spade_bored_becter,
          mainiacjoe_overflow_divided_tiny, grunt_decor_junction, uniq_ijyb
D:5:      layout_rooms, chei_slow_surprise
D:6:      layout_cave_pools, lemuel_blue_sif_altar,
          mainiacjoe_overflow_boulevard, nicolae_overflow_hidden_temple,
          temple_statues, eino_tiny_chamber, minmay_a_box_with_orc_wizards_in_it
D:7:      layout_loops_ring, enter_bailey_6, uniq_duvessa
Temple:   dpeg_chambers_temple

Skill      XL: |  1  2  3  4  5  6  7  8 |
---------------+-------------------------+-----
Axes           | 3 4 5 6 7 8 9 |  9.4
Fighting       | 3 4 |  4.0
Shields        | 2 |  2.0
Armour         | 2 |  2.2
Throwing       | 2 |  2.1
Dodging        | |  2.1
Spellcasting   | |  2.0
Translocations | |  2.4

Action                   |  1- 3 |  4- 6 |  7- 9 || total
-------------------------+-------+-------+-------++-------
Melee: Hand axe          |    76 |   125 |    97 ||   298
       Peck              |    12 |    14 |    14 ||    40
       Kick              |     9 |    32 |    33 ||    74
Throw: Boomerang         |     7 |     9 |    25 ||    41
       Javelin           |       |       |     6 ||     6
  Use: Scroll            |     9 |     7 |     5 ||    21
       Potion            |       |     1 |     7 ||     8
 Stab: Sleeping          |     1 |       |       ||     1
Armor: Leather armour    |    20 |     6 |       ||    26
       Scale mail        |       |    36 |    22 ||    58
       Chain mail        |       |       |     1 ||     1
Dodge: Dodged            |    48 |    62 |    25 ||   135
Block: Other             |       |    24 |     4 ||    28
       Reflection        |       |     1 |     1 ||     2
       Buckler           |       |       |    26 ||    26

Table legend:
 A = Non-vault XP
 B = Vault XP
 C = Vault XP percentage of total XP
 D = Non-vault monster count
 E = Vault monster count
 F = Vault count percentage of total count
                 A         B        C        D         E       F
            +---------+---------+-------+---------+---------+-------
      Total |    1294 |     387 |  23.0 |      91 |      33 |  26.6
            +---------+---------+-------+---------+---------+-------
        D:1 |      33 |      26 |  44.1 |      20 |       7 |  25.9
        D:2 |      36 |      18 |  33.3 |      12 |      11 |  47.8
        D:3 |     248 |      90 |  26.6 |      25 |       8 |  24.2
        D:4 |     462 |      35 |   7.0 |      15 |       1 |   6.2
        D:5 |     285 |       0 |   0.0 |      12 |       0 |   0.0
        D:6 |     230 |     218 |  48.7 |       7 |       6 |  46.2
            +---------+---------+-------+---------+---------+-------
